cohdb
Replays
Latest Replays
All Replays
Popular Replays
Top Player Replays
Match Explorer
How It Works
Community
CoH3 Stats
Reddit
Sign in to upload your games and track your stats! →
Sign in with Steam
Match 20268083
Unlisted
Match 20268083
Overview
Messages
Build Orders
End
Royal Engineer Section
Construct Section Command Post
Vickers Machine Gun Team
Dingo Light Scout Car
Infantry Section
Construct Platoon Command Post
Selects Air and Sea Battlegroup
Selects Commando Section Paradrop
Commando Section Paradrop
Selects M1 Pack Howitzer Paradrop
6-pounder Anti-tank Gun Team
Selects Naval Blockade
Naval Blockade
Construct Company Command Post
Matilda II Heavy Tank
CMP 15cwt Truck
M1 Pack Howitzer Paradrop
Selects Incendiary Bombing Run
Commando Section Paradrop
Matilda II Heavy Tank
Selects Centaur Medium Tank
Vickers Machine Gun Team
Royal Engineer Section
Selects Naval Bombardment
Naval Bombardment
SneaKerz
gb_gbg
TomHonk
pdf1234300
0
0
Comments
sign in to comment!
No comments posted yet!